 Dungeon Crawl Stone Soup version 0.28-a0-983-g1de4e0787c (webtiles) character file.

Game seed: 4115797743409633488

307871 browni3141 the Fencer (level 21, 0/175 HPs)
             Began as a Barachi Monk on Dec 2, 2021.
             Was a High Priest of Cheibriados.
             Killed from afar by an ironbound frostheart (23 damage)
             ... by creeping frost
             ... on level 1 of the Vaults.
             The game lasted 02:13:27 (46506 turns).

browni3141 the Fencer (Barachi Monk)               Turns: 46506, Time: 02:13:28

Health: 0/175      AC: 26    Str: 37    XL:     21   Next: 19%
Magic:  39/39      EV: 28    Int: 36    God:    Cheibriados [*****.]
Gold:   3413       SH:  0    Dex: 39    Spells: 20/20 levels left

rFire   + . .      SeeInvis .   a - +2 great sword (holy)
rCold   . . .      Faith    .   (shield currently unavailable)
rNeg    . . .      Spirit   .   w - +0 plate armour "Uhegoh" {+Blink Dex+4}
rPois   .          Reflect  .   E - +2 hood of the Assassin {Detection Stab+ Stlth++}
rElec   .          Harm     .   m - scarf {rC+ rF+}
rCorr   .          Rampage  .   J - +2 pair of gloves
Will    ++++.                   G - +2 pair of boots {Stlth+}
Stlth   ++........              W - amulet of regeneration
HPRegen 1.19/turn               t - ring "Cyimiash" {+Blink MP+9 Str+7 Int+4}
MPRegen 0.26/turn               U - ring "Paucsat" {rC- Will+++ AC+4 Int+6}

@: frozen, studying 2 skills, very slow
A: amphibious, slowness 1, strong legs 2, +LOS, deformed body
}: 2/15 runes: decaying, serpentine
a: Hop, Renounce Religion, Evoke Blink, Bend Time, Temporal Distortion, Slouch,
Step From Time


You were on level 1 of the Vaults.
You worshipped Cheibriados.
Cheibriados was extremely pleased with you.
You visited 9 branches of the dungeon, and saw 35 of its levels.
You also visited: Gauntlet and Ice Cave.

You collected 4565 gold pieces.
You spent 1152 gold pieces at shops.

Inventory:

Hand Weapons
 a - a +2 great sword of holy wrath (weapon)
 b - a +5 arbalest of flaming
 L - a +1 scimitar of flaming
Missiles
 e - a throwing net (quivered)
 B - 204 bolts
 R - 12 curare-tipped darts
Armour
 m - a scarf of resistance (worn)
 w - the +0 plate armour "Uhegoh" (worn) {+Blink Dex+4}
   (You found it on level 9 of the Dungeon)

   Dex:       It affects your dexterity (+4).
   +Blink:    It lets you blink.
 C - the +1 cloak of Til Maest {rC+}
   (You found it on level 6 of the Dungeon)

   rC:        It protects you from cold.
 E - the +2 hood of the Assassin (worn) {Detection Stab+ Stlth++}
   (You found it on level 3 of the Elven Halls)

   It allows the wearer to sense nearby creatures.
   It allows the wearer to make particularly effective stabbing attacks against
   helpless or unaware enemies with any weapon.
   Stlth:     It makes you much more stealthy.
 G - a +2 pair of boots of stealth (worn)
 J - a +2 pair of gloves (worn)
 N - a +2 pair of boots of flying
 P - the +0 helmet of Fasocli Gyaf {Will+}
   (You found it in a Gauntlet)

   Will:      It increases your willpower.
 T - a scarf of repulsion
Jewellery
 f - a ring of poison resistance
 k - a ring of see invisible
 s - a +4 ring of protection
 t - the ring "Cyimiash" (left hand) {+Blink MP+9 Str+7 Int+4}
   (You took it off a deep elf pyromancer on level 3 of the Elven Halls)

   [ring of magical power]

   Str:       It affects your strength (+7).
   Int:       It affects your intelligence (+4).
   MP:        It affects your magic capacity (+9).
   +Blink:    It lets you blink.
 u - an amulet of reflection
 y - a ring of protection from cold
 Q - a ring of resist corrosion
 U - the ring "Paucsat" (right hand) {rC- Will+++ AC+4 Int+6}
   (You bought it in a shop on level 10 of the Dungeon)

   [ring of protection]

   AC:        It affects your AC (+4).
   Int:       It affects your intelligence (+6).
   rC:        It makes you vulnerable to cold.
   Will:      It greatly increases your willpower.
 V - a ring of fire
 W - an amulet of regeneration (around neck)
Wands
 X - a wand of digging (22)
Scrolls
 d - 4 scrolls of fog
 h - 5 scrolls of vulnerability
 j - 7 scrolls of noise
 l - 10 scrolls of fear
 o - 4 scrolls of magic mapping
 p - 5 scrolls of blinking
 r - 4 scrolls of immolation
 I - 4 scrolls of enchant armour
 K - a scroll of acquirement
 M - a scroll of silence
 O - 2 scrolls of torment
 Z - 12 scrolls of teleportation
Potions
 c - 4 potions of lignification
 g - a potion of ambrosia
 i - 6 potions of brilliance
 n - a potion of berserk rage
 q - 5 potions of invisibility
 v - 5 potions of haste
 x - 2 potions of mutation
 z - 4 potions of resistance
 A - 4 potions of attraction
 D - 2 potions of might
 F - 2 potions of magic
 H - a potion of flight
 S - 2 potions of curing
 Y - 2 potions of cancellation {unknown}


   Skills:
 + Level 17.5 Fighting
 * Level 19.2 Long Blades
 * Level 17.5 Crossbows
 + Level 17.1 Armour
 + Level 15.2 Dodging
 - Level 1.7 Stealth
 * Level 16.1 Hexes
 + Level 12.9 Invocations


You had 20 spell levels left.
You didn't know any spells.
Your spell library contained the following spells:

 Spells                   Type           Power      Damage    Failure   Level
 Ensorcelled Hibernation  Hex/Ice        100%       N/A       1%          2
 Tukima's Dance           Hex            86%        N/A       1%          3
 Cause Fear               Hex            43%        N/A       1%          4
 Inner Flame              Hex/Fire       55%        N/A       2%          3
 Portal Projectile        Hex/Tloc       100%       N/A       2%          3
 Summon Guardian Golem    Hex/Summ       55%        N/A       2%          3
 Fulminant Prism          Conj/Hex       27%        3d14      9%          4
 Leda's Liquefaction      Hex/Erth       27%        N/A       9%          4
 Beastly Appendage        Tmut           0%         N/A       24%         1
 Shock                    Conj/Air       0%         1d3       24%         1
 Sting                    Tmut/Pois      0%         1d3       24%         1
 Summon Small Mammal      Summ           0%         N/A       24%         1
 Silence                  Hex/Air        27%        N/A       24%         5
 Summon Mana Viper        Hex/Summ       55%        N/A       24%         5
 Blink                    Tloc           0%         N/A       34%         2
 Scorch                   Fire           0%         2d5       34%         2
 Static Discharge         Conj/Air       0%         N/A       34%         2
 Wereblood                Tmut           0%         N/A       34%         2
 Call Canine Familiar     Summ           0%         N/A       56%         3
 Frozen Ramparts          Ice            0%         1d2       56%         3
 Gell's Gravitas          Tloc           0%         N/A       56%         3
 Lesser Beckoning         Tloc           0%         N/A       56%         3
 Swiftness                Air            0%         N/A       56%         3
 Teleport Other           Tloc           0%         N/A       56%         3
 Discord                  Hex            43%        N/A       91%         8
 Airstrike                Air            0%         N/A       93%         4
 Animate Dead             Necr           0%         N/A       93%         4
 Flame Wave               Conj/Fire      0%         2d4       93%         4
 Ice Form                 Ice/Tmut       0%         N/A       93%         4
 Iskenderun's Mystic Bla  Conj/Tloc      0%         2d3       93%         4
 Passage of Golubria      Tloc           0%         N/A       93%         4
 Summon Ice Beast         Ice/Summ       0%         N/A       93%         4
 Blade Hands              Tmut           0%         N/A       100%        5
 Borgnjor's Vile Clutch   Necr/Erth      0%         N/A       100%        5
 Excruciating Wounds      Necr           0%         N/A       100%        5
 Irradiate                Conj/Tmut      0%         3d13      100%        5
 Lee's Rapid Deconstruct  Erth           0%         3d5*      100%        5
 Lightning Bolt           Conj/Air       0%         1d11      100%        5
 Death Channel            Necr           0%         N/A       100%        6
 Dispersal                Tloc           0%         N/A       100%        6
 Statue Form              Tmut/Erth      0%         N/A       100%        6
 Summon Cactus Giant      Summ           0%         N/A       100%        6
 Dragon Form              Tmut           0%         N/A       100%        7
 Monstrous Menagerie      Summ           0%         N/A       100%        7
 Orb of Destruction       Conj           0%         N/A       100%        7
 Spellforged Servitor     Conj/Summ      0%         N/A       100%        7
 Disjunction              Tloc           0%         N/A       100%        8
 Lehudib's Crystal Spear  Conj/Erth      0%         10d2      100%        8
 Maxwell's Capacitive Co  Air            0%         ∞         100%        8
 Necromutation            Tmut/Necr      0%         N/A       100%        8
 Shatter                  Erth           0%         3d5*      100%        9


Dungeon Overview and Level Annotations

Branches:
Dungeon (13/15)            Temple (1/1) D:5            Lair (6/6) D:9
  Swamp (4/4) Lair:3        Snake (4/4) Lair:4        Slime (0/5) Lair:6
    Orc (2/2) D:12            Elf (3/3) Orc:2        Vaults (1/5) D:13
   Hell (visited)           IceCv (visited)         Gauntlet (visited)
    Dis: Hell:1         Geh: Hell:1         Coc: Hell:1         Tar: Hell:1

Altars:
Ashenzari
Cheibriados
Dithmenos
Elyvilon
Fedhas
Gozag
Hepliaklqana
Kikubaaqudgha
Makhleb
Nemelex Xobeh
Okawaru
Qazlal
Ru
Sif Muna
Trog
Uskayaw
Vehumet
Wu Jian
Xom
Yredelemnul
Zin
The Shining One
Beogh

Shops:
D:4 *   D:10 [=!!   D:12 [   Orc:1 [   Orc:2 ==([   Elf:1 (   Elf:3 **
Snake:2 =   Snake:4 ((

Portals:
Hell: Lair:6
Trove: Elf:3 (give 2 scrolls of acquirement)

Annotations:
Elf:1 1 runed translucent door


Innate Abilities, Weirdness & Mutations

You are amphibious.
You cover ground slowly.
You can hop long distances.
You have an extended range of vision and can be seen from far away.
Armour fits poorly on your strangely shaped body.


Message History

The vault warden misses you. The yaktaur completely misses you.
The ironbound frostheart touches you. The ironbound frostheart freezes you!!
The vault warden completely misses you. The yaktaur closely misses you.
The ironbound frostheart touches you! The ironbound frostheart freezes you!!
There is an open door, spattered with blood here.
Items here: ) [[ †.
The vault warden activates a sealing rune.
The yaktaur wields a +0 arbalest.
The yaktaur shoots a bolt.
The bolt hits you! The vault warden misses you.
The ironbound frostheart completely misses you.
Unknown command.
You closely miss the vault warden.
The vault warden hits you with a +5 vorpal long sword!
The ironbound frostheart touches you but does no damage.
Unknown command.
You hit the ironbound frostheart but do no damage.
The vault warden closely misses you.
Unknown command.
You chop the vault warden into pieces!!!
The vault warden is heavily wounded.
The ironbound frostheart calls freezing cold from the walls.
The frost grips you!
You are encased in ice.
Unknown command.
You hit the vault warden.
The vault warden is heavily wounded.
The vault warden barely misses you.
The ironbound frostheart calls freezing cold from the walls.
The frost grips you!
* * * LOW HITPOINT WARNING * * *
Unknown command.
You completely miss the vault warden.
The vault warden is heavily wounded.
Electricity crackles from the ironbound thunderhulk's apparatus.
The bolt of lightning hits you!!
* * * LOW HITPOINT WARNING * * *
The vault warden closely misses you.
The ironbound frostheart calls freezing cold from the walls.
The frost grips you!!
You die...

## .. [## ## .. . T##.
#OT# #Tc#
########p###########+####
.......p@)...............
.........................
.........................
.........................
.........................
###################+#####


You could see a vault warden, an ironbound thunderhulk, an ironbound frostheart,
3 deep trolls and a yaktaur.

Vanquished Creatures
  Mlioglotl (Swamp:1)
  2 deep elf blademasters (Elf:3)
  2 deep elf master archers (Elf:3)
  The ghost of Soawkar the Warrior, an adept GrFi of Okawaru (Snake:3)
  Agnes (Elf:1)
  A storm dragon (Elf:1)
  Roxanne (Snake:2)
  A fenstrider witch (Swamp:2)
  6 deep elf sorcerers
  A shadow dragon (Elf:1)
  6 nagarajas
  2 frost giants (IceCv)
  Aizul (Swamp:2)
  3 deep elf elementalists (Elf:3)
  An ironbound preserver (Vaults:1)
  The ghost of Sekkong the Severer, a journeyman MiBe of Trog (Lair:6)
  8 deep elf demonologists
  7 eleionomae
  11 deep elf annihilators
  3 dire elephants
  2 minotaurs
  11 bunyips
  A white draconian (IceCv)
  Snorg (D:11)
  An ettin (Orc:2)
  5 fire dragons
  4 deep elf death magi (Elf:3)
  A shambling mangrove (Swamp:4)
  4 deep elf high priests
  21 naga warriors
  Erolcha (D:10)
  26 hydras
  A fenstrider witch zombie (Swamp:4)
  4 boulder beetles (D:13)
  4 vault guards (D:13)
  A ghost crab (Swamp:2)
  3 salamander tyrants
  A catoblepas (Lair:6)
  5 ironbound frosthearts (IceCv)
  Erica (D:8)
  7 two-headed ogres
  16 anacondas
  11 alligators
  2 centaur warriors (D:13)
  26 dancing weapons
  A death knight (D:13)
  7 death yaks
  A tengu warrior (D:9)
  4 orc high priests
  Sonja (D:10)
  8 naga sharpshooters
  23 deep elf knights
  A shock serpent (Snake:3)
  2 skeletal warriors (D:9)
  5 salamander mystics
  A fire crab (Swamp:4)
  A sun demon (Lair:6)
  9 goliath frogs
  A death drake (Swamp:4)
  4 spriggan druids
  4 bog bodies
  13 naga ritualists
  4 sea snakes (Snake:3)
  18 deep elf archers
  5 swamp dragons
  An orange crystal statue (IceCv)
  A lindwurm (Swamp:4)
  A deep troll (Vaults:1)
  2 wizards
  14 mana vipers
  4 orc knights (Orc:2)
  A necromancer (Swamp:4)
  An ironbound convoker (Vaults:1)
  29 deep elf zephyrmancers
  9 ugly things
  27 deep elf pyromancers
  5 orc sorcerers
  6 cyclopes
  6 manticores
  2 will-o-the-wisps (Swamp:2)
  A cyclops (shapeshifter) (D:9)
  18 salamanders
  An oklob plant (Lair:6)
  10 elephants
  A guardian serpent (shapeshifter) (Elf:1)
  42 black mambas
  26 naga magi
  4 guardian serpents
  3 orange demons (Lair:6)
  13 cane toads
  A gargoyle (D:12)
  2 torpor snails
  A kobold demonologist (D:10)
  2 minotaur zombies (Gauntlet)
  23 rime drakes
  2 spriggan zombies (Swamp:4)
  Psyche (D:10)
  9 komodo dragons
  An efreet (D:12)
  A hellwing (Lair:6)
  An ice devil (Lair:6)
  2 red devils (Lair:6)
  3 meliai (D:13)
  27 polar bears
  4 trolls
  3 bloated husks
  14 hornets
  Grinder (D:4)
  8 tyrant leeches
  A jumping spider (shapeshifter) (D:9)
  9 blink frogs
  2 slime creatures
  3 air elementals
  A meliai zombie (D:10)
  10 spriggans
  6 flying skulls (Gauntlet)
  A shadow (D:12)
  A dire elephant simulacrum (Swamp:1)
  Sigmund (D:4)
  2 vampires
  2 wraiths
  4 water elementals
  65 yaks
  6 wyverns
  5 fire elementals
  2 fire bats (Swamp:4)
  6 basilisks
  The ghost of McGhostyFace the Magician, an amateur GnWn (D:4)
  3 steam dragons
  11 vampire mosquitoes
  13 swamp worms
  Edmund (D:5)
  55 nagas
  6 wargs
  2 harpy simulacra (Swamp:1)
  2 acid dragons
  7 hell hounds (Lair:6)
  18 water moccasins
  2 black bears
  Pargi (D:4)
  21 orc warriors
  2 sky beasts (D:7)
  2 alligator simulacra (Swamp:1)
  14 swamp drakes
  8 necrophages
  8 ogres
  25 wolves
  8 centaurs
  4 kobold brigands
  3 earth elementals
  2 scorpions (D:5)
  A deep troll simulacrum (Swamp:1)
  11 bullfrogs
  2 wyvern zombies
  A wyvern skeleton (D:6)
  2 water moccasin skeletons
  2 lindwurm simulacra (Swamp:1)
  A killer bee (D:8)
  8 howler monkeys
  2 electric eels
  3 centaur zombies
  A centaur skeleton (D:4)
  A jelly (D:8)
  A bullfrog skeleton (D:7)
  15 orc priests
  A hound (D:4)
  5 iguanas
  22 orc wizards
  A killer bee zombie (D:8)
  A hound skeleton (D:4)
  A howler monkey zombie (D:9)
  A mummy (D:6)
  Robin (D:4)
  6 adders
  A shadow imp (D:5)
  A howler monkey simulacrum (D:8)
  2 ufetubi (D:6)
  An adder skeleton (D:4)
  A worm (D:3)
  2 dart slugs
  77 orcs
  5 ball pythons
  9 endoplasms
  5 giant cockroaches
  17 goblins
  10 hobgoblins
  4 jackals (D:4)
  22 kobolds
  4 quokkas
  2 bats
  5 frilled lizards
  A goblin zombie (D:6)
  A kobold zombie (D:6)
  9 rats
  2 foxfires (Swamp:2)
1284 creatures vanquished.

Vanquished Creatures (others)
  A deep elf demonologist (Elf:1)
  A bunyip (Swamp:3)
  A hydra (Swamp:4)
  2 deep elf knights
  A deep elf archer (Elf:1)
  A lindwurm (Swamp:4)
  A deep elf pyromancer (Elf:1)
  A deep elf zephyrmancer (Elf:3)
  2 bloated husks
  A spriggan (Swamp:3)
  A steam dragon (Swamp:4)
  A naga (Snake:2)
  A swamp worm (Swamp:4)
  A swamp drake (Swamp:4)
  7 foxfires (Swamp:2)
  19 fungi
  25 plants
67 creatures vanquished.

Grand Total: 1351 creatures vanquished

Notes
Turn   | Place    | Note
-------+----------+-------------------------------------------
     0 | D:1      | browni3141 the Barachi Monk began the quest for the Orb.
     0 | D:1      | Reached XP level 1. HP: 18/18 MP: 1/1
   189 | D:1      | Reached skill level 4 in Long Blades
   563 | D:1      | Reached XP level 2. HP: 23/25 MP: 2/2
   922 | D:1      | Reached XP level 3. HP: 30/30 MP: 3/3
   929 | D:1      | Reached skill level 5 in Long Blades
  1715 | D:2      | Reached XP level 4. HP: 37/37 MP: 4/4
  2150 | D:2      | Reached skill level 6 in Long Blades
  2211 | D:2      | Found a faded altar of an unknown god.
  3764 | D:4      | Reached skill level 1 in Armour
  3764 | D:4      | Reached XP level 5. HP: 42/42 MP: 5/5
  3958 | D:4      | Found Qiopep's General Store.
  3963 | D:4      | Noticed Sigmund
  3974 | D:4      | Noticed Pargi
  3977 | D:4      | Noticed Robin
  4015 | D:4      | Noticed Grinder
  4446 | D:4      | Killed Sigmund
  4447 | D:4      | Reached XP level 6. HP: 11/50 MP: 6/6
  4715 | D:4      | Killed Robin
  4838 | D:5      | Entered Level 5 of the Dungeon
  4886 | D:5      | Reached skill level 5 in Fighting
  5169 | D:5      | Reached skill level 7 in Long Blades
  5169 | D:5      | Reached XP level 7. HP: 56/56 MP: 7/7
  5322 | D:5      | Found a staircase to the Ecumenical Temple.
  5338 | Temple   | Entered the Ecumenical Temple
  5577 | Temple   | Became a worshipper of Cheibriados the Contemplative
  5577 | Temple   | Reached * piety under Cheibriados
  5577 | Temple   | Reached ** piety under Cheibriados
  5693 | D:5      | Found an iron altar of Okawaru.
  5693 | D:5      | Found a burning altar of Makhleb.
  5826 | D:5      | Noticed Edmund
  5829 | D:5      | Killed Edmund
  6348 | D:5      | Reached skill level 5 in Armour
  6348 | D:5      | Reached XP level 8. HP: 33/65 MP: 8/8
  6750 | D:6      | Reached skill level 1 in Invocations
  6977 | D:6      | Identified the +1 cloak of Til Maest {rC+}
  7340 | D:6      | Reached skill level 5 in Dodging
  8092 | D:7      | Reached *** piety under Cheibriados
  8127 | D:7      | Noticed a yak
  8127 | D:7      | Noticed a yak
  8140 | D:7      | Reached skill level 8 in Long Blades
  8140 | D:7      | Reached XP level 9. HP: 71/73 MP: 9/11
  9099 | D:4      | Reached **** piety under Cheibriados
  9103 | D:4      | Bought a scroll of teleportation for 33 gold pieces
  9103 | D:4      | Bought a +0 pair of boots of flying for 126 gold pieces
  9121 | D:4      | Killed Grinder
  9154 | D:4      | Killed Pargi
  9272 | D:4      | Found a runed translucent door.
  9272 | D:4      | Noticed McGhostyFace's ghost (amateur GnWn)
  9434 | D:4      | Killed McGhostyFace's ghost
  9435 | D:4      | Reached XP level 10. HP: 70/83 MP: 13/13
 10059 | D:8      | Reached skill level 5 in Invocations
 10443 | D:8      | Found a glowing golden altar of the Shining One.
 10503 | D:8      | Noticed Erica
 10518 | D:8      | Killed Erica
 10519 | D:8      | Reached skill level 9 in Long Blades
 11686 | D:9      | Reached skill level 1 in Crossbows
 11694 | D:9      | You are sucked into a shaft and drop 2 floors!
 11705 | D:11     | Noticed a cyclops
 11710 | D:10     | Entered Level 10 of the Dungeon
 11746 | D:10     | Noticed Sonja
 11771 | D:10     | Killed Sonja
 11772 | D:10     | Reached skill level 10 in Fighting
 12048 | D:10     | Noticed Psyche
 12060 | D:10     | Killed Psyche
 12102 | D:10     | Found Guesal's Jewellery Emporium.
 12202 | D:10     | Found Poumih's Armour Emporium.
 12263 | D:10     | Noticed a kobold demonologist
 12274 | D:10     | Killed a kobold demonologist
 12454 | D:10     | Noticed Erolcha
 12460 | D:10     | Reached XP level 11. HP: 72/91 MP: 15/15
 12578 | D:9      | Noticed a skeletal warrior
 12593 | D:9      | Killed a skeletal warrior
 12737 | D:9      | Noticed a deep elf pyromancer
 12745 | D:9      | Killed a deep elf pyromancer
 12752 | D:9      | Noticed a death drake
 12752 | D:9      | a shapeshifter changed into a death drake
 12755 | D:9      | a death drake changed into a torpor snail
 12756 | D:9      | Noticed a swamp dragon
 12756 | D:9      | a torpor snail changed into a swamp dragon
 12758 | D:9      | Noticed a cyclops
 12758 | D:9      | a swamp dragon changed into a cyclops
 12764 | D:9      | Killed a cyclops
 12804 | D:9      | Identified the +0 plate armour "Uhegoh" {+Blink Dex+4}
 12804 | D:9      | Noticed a wizard
 12818 | D:9      | Got the Tome of Earth and the Traveller
 12826 | D:9      | Noticed a cyclops
 12832 | D:9      | Killed a cyclops
 12832 | D:9      | Reached ***** piety under Cheibriados
 12841 | D:9      | Killed a wizard
 12845 | D:9      | Noticed a tengu warrior
 12867 | D:9      | Killed a tengu warrior
 12868 | D:9      | Reached skill level 10 in Long Blades
 13019 | D:9      | Noticed a skeletal warrior
 13035 | D:9      | Killed a skeletal warrior
 13036 | D:9      | Reached skill level 5 in Crossbows
 13036 | D:9      | Reached skill level 10 in Armour
 13155 | D:9      | Noticed a purple ugly thing
 13171 | D:9      | Killed a purple ugly thing
 13434 | D:9      | Found a staircase to the Lair.
 13434 | D:9      | Noticed a death yak
 13451 | D:9      | Killed a death yak
 13509 | D:9      | Noticed a two-headed ogre
 13516 | D:9      | Killed a two-headed ogre
 13781 | D:9      | Found a stormy altar of Qazlal.
 13801 | D:9      | Reached XP level 12. HP: 100/100 MP: 17/17
 14423 | D:10     | Found Ydaem's Distillery.
 14434 | D:10     | Bought a potion of berserk rage for 60 gold pieces
 14434 | D:10     | Bought a potion of curing for 36 gold pieces
 14535 | D:10     | Killed Erolcha
 14694 | D:10     | Identified the +11 trident "Cuuss" {flame, rPois Dex+5}
 14744 | D:10     | Found Isyrehut's Distillery.
 15014 | D:11     | Noticed Snorg
 15027 | D:11     | Killed Snorg
 15426 | D:11     | Noticed a two-headed ogre
 15437 | D:11     | Killed a two-headed ogre
 15862 | D:12     | Noticed a two-headed ogre
 15885 | D:12     | Killed a two-headed ogre
 15886 | D:12     | Reached skill level 11 in Long Blades
 15939 | D:12     | Noticed a two-headed ogre
 15946 | D:12     | Killed a two-headed ogre
 16106 | D:12     | Found a staircase to the Orcish Mines.
 16138 | D:12     | Noticed a two-headed ogre
 16146 | D:12     | Killed a two-headed ogre
 16432 | D:12     | Found Heti's Antique Armour Shop.
 16503 | D:12     | Gained mutation: You can hop long distances. [Barachi
                  | growth]
 16503 | D:12     | Reached XP level 13. HP: 106/108 MP: 18/18
 16675 | Orc:1    | Entered Level 1 of the Orcish Mines
 16916 | Orc:1    | Found Kevedoex's Armour Shop.
 17165 | Orc:2    | Entered Level 2 of the Orcish Mines
 17165 | Orc:2    | Noticed an ettin
 17175 | Orc:2    | Killed an ettin
 17210 | Orc:2    | Found a staircase to the Elven Halls.
 17220 | Orc:2    | Found a gate leading to a gauntlet.
 17252 | Gauntlet | Entered a Gauntlet
 17252 | Gauntlet | Found a transporter.
 17252 | Gauntlet | Found a transporter.
 17254 | Gauntlet | Found a transporter.
 17255 | Gauntlet | Found a transporter.
 17280 | Gauntlet | Found a transporter.
 17284 | Gauntlet | Found a runed translucent door.
 17286 | Gauntlet | Found a runed translucent door.
 17288 | Gauntlet | Found a transporter.
 17292 | Gauntlet | Found a transporter.
 17297 | Gauntlet | Noticed a dire elephant
 17301 | Gauntlet | Found a transporter.
 17317 | Gauntlet | Found a transporter.
 17335 | Gauntlet | Found a transporter.
 17335 | Gauntlet | Found a transporter.
 17343 | Gauntlet | Found a transporter.
 17677 | Gauntlet | Reached skill level 10 in Dodging
 17679 | Gauntlet | HP: 7/163 [death yak (4)]
 17748 | Gauntlet | Reached skill level 12 in Long Blades
 17752 | Gauntlet | Identified the +0 helmet of Fasocli Gyaf {Will+}
 17826 | Gauntlet | Noticed a minotaur
 17841 | Gauntlet | Killed a minotaur
 17926 | Gauntlet | Identified the +6 rapier "Pylalox" {holy, rC+ rCorr}
 18193 | D:10     | Bought the ring "Paucsat" {rC- Will+++ AC+4 Int+6} for 897
                  | gold pieces
 18502 | Orc:2    | Reached skill level 10 in Crossbows
 18648 | Orc:2    | Reached XP level 14. HP: 116/116 MP: 20/20
 19023 | Orc:2    | Found Guucvien's Jewellery Emporium.
 19023 | Orc:2    | Found Vodatoho's Jewellery Emporium.
 19026 | Orc:2    | Found Zorcharami's Antique Armour Boutique.
 19026 | Orc:2    | Found Qiaxzomy's Antique Weapon Boutique.
 19319 | Lair:1   | Entered Level 1 of the Lair of Beasts
 19802 | Lair:1   | You are sucked into a shaft and drop 1 floor!
 20545 | Lair:2   | Found a blossoming altar of Fedhas.
 21371 | Lair:3   | Reached skill level 13 in Long Blades
 21394 | Lair:3   | Found a staircase to the Swamp.
 21959 | Lair:4   | Reached ****** piety under Cheibriados
 22031 | Lair:4   | Reached XP level 15. HP: 117/125 MP: 22/22
 22165 | Lair:4   | Found a staircase to the Snake Pit.
 23249 | Lair:5   | Identified the +1 chain mail of Qazlal's Whim {rN++ Int+6
                  | Dex+2}
 23329 | Lair:6   | Entered Level 6 of the Lair of Beasts
 23797 | Lair:6   | Noticed Sekkong's ghost (journeyman MiBe)
 23799 | Lair:6   | Found a staircase to the Slime Pits.
 23861 | Lair:6   | Found a runed translucent gate.
 23861 | Lair:6   | Found a runed translucent gate.
 23861 | Lair:6   | Found a runed translucent gate.
 24256 | Lair:6   | Reached skill level 10 in Invocations
 24297 | Lair:6   | Found a burning altar of Makhleb.
 24364 | Lair:6   | Found a gateway to Hell.
 24378 | Hell     | Entered the Vestibule of Hell
 24528 | Lair:6   | Killed Sekkong's ghost
 24676 | Snake:1  | Entered Level 1 of the Snake Pit
 24893 | Lair:4   | Reached skill level 14 in Long Blades
 24989 | Snake:1  | Reached XP level 16. HP: 112/134 MP: 23/23
 25877 | Snake:1  | Identified a scroll of acquirement
 25878 | Snake:1  | Acquired a manual of Hexes
 25926 | Snake:2  | Reached skill level 1 in Hexes
 26200 | Snake:2  | Identified Roxanne's Handbook of Changing
 26200 | Snake:2  | Noticed Roxanne
 26450 | Snake:2  | Killed Roxanne
 26641 | Snake:2  | Noticed a nagaraja
 26653 | Snake:2  | Killed a nagaraja
 26654 | Snake:2  | Reached skill level 15 in Fighting
 26781 | Snake:2  | Found Vatait's Jewellery Boutique.
 27672 | Snake:3  | Reached skill level 5 in Hexes
 27890 | Snake:3  | Found a runed translucent door.
 27895 | Snake:3  | Noticed Soawkar's ghost (adept GrFi)
 28393 | Snake:3  | Reached XP level 17. HP: 142/142 MP: 25/25
 28592 | Snake:3  | Reached skill level 15 in Long Blades
 29946 | Snake:1  | Reached skill level 15 in Armour
 30436 | Snake:4  | Entered Level 4 of the Snake Pit
 31044 | Snake:4  | Found Hucwecw's Antique Weapon Shoppe.
 31045 | Snake:4  | Found Kiux's Weapon Emporium.
 31890 | Snake:4  | Reached skill level 10 in Hexes
 32419 | Snake:4  | Got a serpentine rune of Zot
 32454 | Snake:4  | Reached skill level 15 in Crossbows
 32454 | Snake:4  | Reached XP level 18. HP: 127/151 MP: 26/26
 32755 | Snake:3  | Killed Soawkar's ghost
 32766 | Snake:3  | Identified the +12 scimitar "Qufare" {vorpal, Fragile rN+
                  | Dex+4}
 33085 | Elf:1    | Entered Level 1 of the Elven Halls
 33085 | Elf:1    | Found a runed translucent gate.
 33085 | Elf:1    | Found a runed translucent gate.
 33085 | Elf:1    | Found a runed translucent door.
 33085 | Elf:1    | Found a runed translucent door.
 33085 | Elf:1    | Found a runed translucent gate.
 33085 | Elf:1    | Found a runed translucent gate.
 33085 | Elf:1    | Found a runed translucent gate.
 33085 | Elf:1    | Found a runed translucent gate.
 33098 | Elf:1    | Reached skill level 16 in Long Blades
 33530 | Elf:1    | HP: 7/151 [poisoned by a +0 halberd of venom]
 33535 | Elf:1    | HP: 6/151 [poisoned by a +0 halberd of venom]
 33878 | Elf:1    | Found Xido's Weapon Shop.
 34011 | Elf:1    | Noticed Agnes
 34017 | Elf:1    | Killed Agnes
 34263 | Elf:1    | Noticed a Brimstone Fiend
 34335 | Elf:1    | Found a runed translucent gate.
 34335 | Elf:1    | Found a runed translucent gate.
 34335 | Elf:1    | Found a runed translucent gate.
 34335 | Elf:1    | Found a runed translucent gate.
 34335 | Elf:1    | Found a runed translucent gate.
 34335 | Elf:1    | Found a runed translucent gate.
 35550 | Elf:2    | Got Lee's Papyrus of Clay
 35793 | Elf:2    | Found a runed translucent gate.
 35794 | Elf:2    | Found a runed translucent gate.
 35794 | Elf:2    | Found a runed translucent gate.
 35865 | Elf:2    | Reached skill level 17 in Long Blades
 36043 | Elf:2    | Reached XP level 19. HP: 157/158 MP: 27/27
 36998 | Elf:3    | Entered Level 3 of the Elven Halls
 37008 | Elf:3    | Paralysed by an air elemental for 1 turns
 37196 | Elf:3    | Found a portal to a secret trove of treasure.
 37437 | Elf:3    | Found Siacrer's General Store.
 37441 | Elf:3    | Found Meafyete's Specific Store.
 37512 | Elf:3    | Gained mutation: Armour fits poorly on your strangely
                  | shaped body. [a neqoxec]
 38089 | Elf:3    | Identified the +1 quarterstaff of Corruption {vamp, +Blink
                  | Fly rCorr}
 38318 | Elf:3    | Noticed an Ice Fiend
 39623 | Elf:3    | Identified the ring "Teleutt" {Ice Str-3 Int+7 Stlth+}
 39670 | Elf:3    | Identified the +4 war axe of Incongruity {vorpal, rF+}
 39773 | Elf:3    | Identified the ring "Cyimiash" {+Blink MP+9 Str+7 Int+4}
 39858 | Elf:3    | Found the +2 hood of the Assassin {Detection Stab+ Stlth++}
 40303 | Swamp:1  | Entered Level 1 of the Swamp
 40303 | Swamp:1  | Found a frozen archway.
 40371 | Swamp:1  | Reached skill level 18 in Long Blades
 40452 | IceCv    | Entered an ice cave
 40728 | IceCv    | Reached XP level 20. HP: 144/167 MP: 29/29
 41357 | IceCv    | Reached skill level 15 in Hexes
 41850 | Swamp:1  | You fall into a shaft and drop 1 floor!
 42319 | Swamp:2  | Noticed Aizul
 42325 | Swamp:2  | Killed Aizul
 42655 | Swamp:1  | Noticed Mlioglotl
 42662 | Swamp:1  | Killed Mlioglotl
 43814 | Swamp:4  | Entered Level 4 of the Swamp
 43880 | Swamp:3  | Reached skill level 15 in Dodging
 44427 | Swamp:4  | Reached skill level 19 in Long Blades
 44752 | Swamp:4  | Reached XP level 21. HP: 175/175 MP: 30/30
 44832 | Swamp:4  | Got a decaying rune of Zot
 45400 | D:13     | Found a gate to the Vaults.
 46429 | Vaults:1 | Entered Level 1 of the Vaults
 46506 | Vaults:1 | Killed from afar by an ironbound frostheart

Illustrated notes

Levels and vault maps discovered:
D:1:      evilmike_arrival_fibonacci_small, layout_loops_ring
D:2:      layout_basic, shapermc_ecumenical_altar_petra, grunt_decor_arrowhead,
          chequers_serial_rivers_room_b
D:3:      layout_basic, minmay_between
D:4:      layout_rooms, gammafunk_ghost_grave, serial_shops,
          nicolae_square_shop, uniq_sigmund, uniq_robin, uniq_pargi,
          uniq_grinder
D:5:      layout_basic, gammafunk_temple_overflow_elements,
          minmay_temple_entry_waves, uniq_edmund
D:6:      layout_basic, nicolae_ossuary_entry_giza
D:7:      layout_basic
D:8:      nzn_winding_woodlands_three_and_one
          [nzn_winding_woodlands_5x15_jagged,
          nzn_winding_woodlands_5x15_sawtooth, nzn_winding_woodlands_5x15_twine,
          nzn_winding_woodlands_center_diamonds], layout_cave_pods,
          tso_metal_star, uniq_erica
D:9:      layout_basic, kennysheep_mini_moat, david_lair_generic,
          minmay_evil_grid
D:10:     layout_irregular_city, serial_shops, nicolae_shop_hallway_stairs,
          kennysheep_little_box, nicolae_shop_stone, nicolae_stop_n_shop_2,
          kennysheep_generic_room_12, uniq_sonja, uniq_psyche, uniq_erolcha
D:11:     layout_irregular_city, uniq_snorg
D:12:     layout_basic, hiddenorc1_lemuel, serial_shops, nicolae_square_shop
D:13:     layout_grid_maze, lightli_vaults_fourway_checkpoint
Temple:   dpeg_five_rooms_temple
Lair:1:   layout_chaotic_city, cheibrodos_lair_lostbears
Lair:2:   layout_cave_shapes, basic_altar, grunt_megastairs_2,
          serial_bayou_shore_a, infiniplex_staircase_pool, lemuel_fruit_tree
Lair:3:   layout_loops_ring, swamp_mist_pool, nicolae_lair_lil_pond
Lair:4:   layout_misc_corridors, minmay_snake_entry_guardpost_medium,
          roderic_carrion_pond
Lair:5:   layout_hall_layers, serial_bayou_pond_d
Lair:6:   evil_forest, layout_regular_city, slime_dummy,
          maelrawn_ghost_gauntlet_escape
Swamp:1:  layout_basic_swamp, portal_ice_cave_entry_ice_simulacra,
          evilmike_swamp_ruin_house_3, uniq_mlioglotl
Swamp:2:  layout_falls_marsh, evilmike_swamp_ruin_house_6, uniq_aizul
Swamp:3:  layout_basic_swamp, nicolae_swamp_some_circles, swamp_pool3,
          nicolae_swamp_bunyip_nook
Swamp:4:  swamp_fiery, layout_basic_swamp, grunt_hermit_hut
Snake:1:  layout_basic, st_stairs_3
Snake:2:  layout_onion, minmay_shop_star, uniq_roxanne
Snake:3:  layout_grid_maze, ebering_ghost_reflecting_pool,
          nicolae_snake_snake_lake, nicolae_snake_guarding_the_ruins
Snake:4:  snake_pit, layout_gridlike, minmay_shoptagon, serial_bayou_shore_b
Orc:1:    layout_caves, basic_altar, serial_shops, shop_fountains
Orc:2:    st_orc_elflike, layout_caves, special_room, basic_altar,
          gauntlet_entry_generic
Elf:1:    nicolae_elf_arrival_dilemma, layout_geoelf_diagonals, serial_shops,
          shop, serial_sigils, serial_sigils_hangedman_snap,
          serial_sigils_hangedman_writhe, serial_sigils_hangedman_snap,
          serial_sigils_hangedman_shear, serial_sigils_hangedman_snap,
          orc_legates, uniq_agnes
Elf:2:    elven_hall_of_blades_hangedman_original [nicolae_blade_tridents],
          layout_geoelf_diagonals, kilobyte_rumbling_trees
Elf:3:    elf_hall_gauntlet_wide, layout_geoelf_castle, enter_trove_1,
          grunt_ministairs_11, hangedman_glass_teeth, st_stairs_5,
          nicolae_specific_store
Vaults:1: ontoclasm_vaults_decontamination, st_smaller_cells,
          vaults_room_semicircle, hangedman_vaults_hat,
          vaults_mumra_minichess_inversion, ontoclasm_vaults_loading_screen,
          vaults_room_ringed_pool, nicolae_vaults_little_squares_2,
          hangedman_vaults_stream, v_misc_22, vaults_room_fours,
          grunt_vaults_hallway_short, ontoclasm_vaults_chip, layout_vaults_ring,
          serial_shops, nicolae_shop_trees
Hell

Skill      XL: |  1  2  3  4  5  6  7  8  9 10 11 12 13 14 15 16 17 18 19 20 21 |
---------------+----------------------------------------------------------------+-----
Long Blades    | 4 5 6 7 8 9 10 11 12 13 14 15 17 18 19 | 19.2
Armour         | 1 2 3 5 6 8 9 10 11 12 13 14 15 16 17 | 17.1
Fighting       | 4 5 6 7 9 10 11 12 13 14 15 16 17 | 17.5
Dodging        | 4 5 6 7 8 9 10 11 12 13 14 15 | 15.2
Invocations    | 2 4 5 6 7 8 9 10 11 12 | 12.9
Crossbows      | 3 6 8 10 11 13 14 15 16 17 | 17.5
Hexes          | 6 10 13 14 15 16 | 16.1
Stealth        | |  1.7

Action                   |  1- 3 |  4- 6 |  7- 9 | 10-12 | 13-15 | 16-18 | 19-21 || total
-------------------------+-------+-------+-------+-------+-------+-------+-------++-------
Melee: Falchion          |    99 |   226 |   143 |       |       |       |       ||   468
       Short sword       |       |       |   211 |    85 |       |       |       ||   296
       Scimitar          |       |       |       |   482 |  1313 |   989 |   157 ||  2941
       Unarmed           |       |       |       |     4 |       |       |       ||     4
       Great sword       |       |       |       |       |       |       |   491 ||   491
 Fire: Hand crossbow     |       |       |       |       |    35 |    11 |       ||    46
       Arbalest          |       |       |       |       |       |   530 |   566 ||  1096
Throw: Dart              |       |    12 |    42 |    40 |     5 |     3 |    10 ||   112
Invok: Slouch            |       |       |       |     3 |    17 |     8 |    14 ||    42
 Abil: Hop               |       |     4 |     4 |     6 |     9 |    22 |     9 ||    54
Evoke: Wand              |       |       |    15 |    22 |    14 |       |       ||    51
  Use: Scroll            |       |     6 |       |     5 |     7 |    15 |    12 ||    45
       Potion            |       |       |       |       |     9 |     5 |     4 ||    18
 Stab: Sleeping          |     7 |     2 |       |       |       |       |       ||     9
       Distracted        |       |       |       |     1 |     1 |     1 |     2 ||     5
       Petrified         |       |       |       |       |     6 |       |       ||     6
       Confused          |       |       |       |       |       |       |     1 ||     1
Armor: Robe              |     8 |       |       |       |       |       |       ||     8
       Scale mail        |       |    97 |   191 |    46 |       |       |       ||   334
       Plate armour      |       |       |       |   310 |   691 |   472 |   362 ||  1835
Dodge: Dodged            |    54 |   127 |   297 |   492 |  1347 |  1315 |  1234 ||  4866
       Repelled          |       |       |       |       |    22 |    36 |       ||    58

Table legend: (Time is in decaauts)
 A = Elapsed time spent in this place.
 B = Non-inter-level travel time spent in this place.
 C = Inter-level travel time spent in this place.
 D = Time resting spent in this place.
 E = Time spent auto-exploring this place.
 F = Levels seen in this place.
 G = Mean time per level.
                   A        B        C        D        E       F      G
               +--------+--------+--------+--------+--------+-----+--------+
         Total |  72755 |  66679 |   6076 |   7734 |  43985 |  37 | 1966.4 |
       Dungeon |  27074 |  23782 |   3292 |   2735 |  17383 |  13 | 2082.6 |
        Temple |    373 |    290 |     83 |      0 |    271 |   1 |  373.0 |
          Lair |  10412 |   9387 |   1025 |    188 |   7540 |   6 | 1735.3 |
         Swamp |   5840 |   5450 |    390 |    426 |   3955 |   4 | 1460.0 |
     Snake Pit |  12607 |  12040 |    567 |   1559 |   6896 |   4 | 3151.8 |
  Orcish Mines |   2796 |   2580 |    216 |    126 |   1864 |   2 | 1398.0 |
   Elven Halls |  10666 |  10165 |    501 |   1973 |   5067 |   3 | 3555.3 |
        Vaults |    129 |    129 |      0 |      0 |     74 |   1 |  129.0 |
          Hell |      6 |      6 |      0 |      0 |      0 |   1 |    6.0 |
      Ice Cave |   1937 |   1937 |      0 |    490 |    850 |   1 | 1937.0 |
      Gauntlet |    911 |    911 |      0 |    235 |     82 |   1 |  911.0 |
               +--------+--------+--------+--------+--------+-----+--------+

Top non-repeatable levels by time:
   Elf:3: 4559 daAuts
 Snake:4: 3500 daAuts
   Elf:1: 3425 daAuts
 Snake:3: 3241 daAuts
     D:9: 3233 daAuts
 Snake:1: 3153 daAuts
     D:8: 2842 daAuts
 Snake:2: 2711 daAuts
   Elf:2: 2681 daAuts
    D:12: 2582 daAuts
    D:10: 2463 daAuts
  Lair:6: 2298 daAuts
    D:13: 2293 daAuts
     D:3: 2140 daAuts
     D:6: 2013 daAuts
